TOP OF THE 1ST |
Trenton Stars batting - Pitching for Birmingham Barons : RHP Stanley Briggs
|
Pitching: RHP Stanley Briggs
|
|
Batting: SHB Nick Marshall
|
0-0: Called Strike 0-1: Called Strike 0-2: Ball 1-2: Strikes out swinging
|
Batting: RHB Chris Cole
|
0-0: Ball 1-0: SINGLE (Groundball, 4MD)
|
Batting: RHB Rafael Canales
|
0-0: Foul Ball, location: 2F 0-1: Ball 1-1: Called Strike 1-2: Ball 2-2: SINGLE (Line Drive, 3L) Chris Cole to second
|
Batting: RHB Jonas Uttley
|
0-0: Called Strike 0-1: Swinging Strike 0-2: Strikes out looking
|
Batting: RHB Clancy Booker
|
0-0: Called Strike 0-1: SINGLE (Flyball, 8LS) Chris Cole to third Rafael Canales to second Runner from 3rd tries for Home, SAFE, no throw
|
Batting: LHB Gerardo Guzmán
|
0-0: Called Strike 0-1: Swinging Strike 0-2: Ball 1-2: Strikes out swinging
|
Top of the 1st over - 1 run(s), 3 hit(s), 0 error(s), 2 left on base; Trenton 1 - Birmingham 0 |
BOTTOM OF THE 1ST |
Birmingham Barons batting - Pitching for Trenton Stars : RHP Rusty van Rhee
|
Pitching: RHP Rusty van Rhee
|
|
Batting: LHB Al Gaines
|
0-0: Swinging Strike 0-1: Called Strike 0-2: Ball 1-2: Strikes out swinging
|
Batting: RHB Warren Martin
|
0-0: Ball 1-0: Called Strike 1-1: Ground out 4-3 (Groundball, 4S)
|
Batting: RHB Yujiro Kurihara
|
0-0: Foul Ball, location: 2F 0-1: Fly out, F8 (Line Drive, 8LM)
|
Bottom of the 1st over - 0 run(s), 0 hit(s), 0 error(s), 0 left on base; Trenton 1 - Birmingham 0 |
TOP OF THE 2ND |
Trenton Stars batting - Pitching for Birmingham Barons : RHP Stanley Briggs
|
Batting: RHB Pablo Gómez
|
0-0: Foul Ball, location: 2F 0-1: Ball 1-1: SINGLE (Line Drive, 8RS)
|
Batting: RHB Kenji Murayama
|
0-0: Foul Ball, location: 2F 0-1: Ball 1-1: Ball 2-1: Grounds into double play, 6-4-3 (Groundball, 6)
|
Batting: RHB Roberto Chávez
|
0-0: Called Strike 0-1: Ball 1-1: Called Strike 1-2: Fly out, F8 (Flyball, 8LM)
|
Top of the 2nd over - 0 run(s), 1 hit(s), 0 error(s), 0 left on base; Trenton 1 - Birmingham 0 |
BOTTOM OF THE 2ND |
Birmingham Barons batting - Pitching for Trenton Stars : RHP Rusty van Rhee
|
Batting: SHB Anastasio Ortíz
|
0-0: Ball 1-0: Called Strike 1-1: Ball 2-1: Called Strike 2-2: Fly out, F6 (Line Drive, 6)
|
Batting: RHB Jean-Paul St-Pierre
|
0-0: Called Strike 0-1: Called Strike 0-2: Foul Ball, location: 2F 0-2: Foul Ball, location: 2F 0-2: Foul Ball, location: 2F 0-2: Ball 1-2: Ball 2-2: Ball 3-2: Ground out 6-3 (Groundball, 6)
|
Batting: RHB Vicente Elías
|
0-0: Ball 1-0: Ball 2-0: Called Strike 2-1: Swinging Strike 2-2: Strikes out swinging
|
Bottom of the 2nd over - 0 run(s), 0 hit(s), 0 error(s), 0 left on base; Trenton 1 - Birmingham 0 |
TOP OF THE 3RD |
Trenton Stars batting - Pitching for Birmingham Barons : RHP Stanley Briggs
|
Batting: SHB Nick Marshall
|
0-0: Swinging Strike 0-1: Foul Ball, location: 2F 0-2: Foul Ball, location: 2F 0-2: Strikes out swinging
|
Batting: RHB Chris Cole
|
0-0: Called Strike 0-1: Ground out 6-3 (Groundball, 6)
|
Batting: RHB Rafael Canales
|
0-0: Foul Ball, location: 2F 0-1: Swinging Strike 0-2: Fly out, F9 (Flyball, 89M)
|
Top of the 3rd over - 0 run(s), 0 hit(s), 0 error(s), 0 left on base; Trenton 1 - Birmingham 0 |
BOTTOM OF THE 3RD |
Birmingham Barons batting - Pitching for Trenton Stars : RHP Rusty van Rhee
|
Batting: RHB Peyton Yardley
|
0-0: Called Strike 0-1: Ball 1-1: Ball 2-1: Ground out 6-3 (Groundball, 6)
|
Batting: RHB José Carlos Caraballo
|
0-0: Ball 1-0: Called Strike 1-1: Swinging Strike 1-2: Ball 2-2: Strikes out swinging
|
Batting: RHB David Raymos
|
0-0: Called Strike 0-1: SINGLE (Line Drive, 8LS)
|
Batting: LHB Al Gaines
|
0-0: 2-RUN HOME RUN (Flyball, 89XD), Distance : 393 ft
|
Batting: RHB Warren Martin
|
0-0: Ball 1-0: Swinging Strike 1-1: Ball 2-1: Bunt for hit - play at first, batter safe!
|
Batting: RHB Yujiro Kurihara
|
0-0: SINGLE (Groundball, 56D) Warren Martin to second
|
Batting: SHB Anastasio Ortíz
|
0-0: Foul Ball, location: 2F 0-1: Ball 1-1: 3-RUN HOME RUN (Flyball, 8RXD), Distance : 434 ft
|
Batting: RHB Jean-Paul St-Pierre
|
0-0: Ball 1-0: Fly out, F3 (Popup, 3S)
|
Bottom of the 3rd over - 5 run(s), 5 hit(s), 0 error(s), 0 left on base; Trenton 1 - Birmingham 5 |
TOP OF THE 4TH |
Trenton Stars batting - Pitching for Birmingham Barons : RHP Stanley Briggs
|
Batting: RHB Jonas Uttley
|
0-0: Ball 1-0: Ground out 6-3 (Groundball, 6)
|
Batting: RHB Clancy Booker
|
0-0: Ball 1-0: Foul Ball, location: 2F 1-1: Foul Ball, location: 2F 1-2: Strikes out looking
|
Batting: LHB Gerardo Guzmán
|
0-0: Ball 1-0: Ball 2-0: DOUBLE (Flyball, 7D)
|
Batting: RHB Pablo Gómez
|
0-0: Foul Ball, location: 2F 0-1: Swinging Strike 0-2: Ball 1-2: Ball 2-2: Foul Ball, location: 2F 2-2: Strikes out looking
|
Top of the 4th over - 0 run(s), 1 hit(s), 0 error(s), 1 left on base; Trenton 1 - Birmingham 5 |
BOTTOM OF THE 4TH |
Birmingham Barons batting - Pitching for Trenton Stars : RHP Rusty van Rhee
|
Batting: RHB Vicente Elías
|
0-0: Called Strike 0-1: Ball 1-1: Swinging Strike 1-2: Strikes out swinging
|
Batting: RHB Peyton Yardley
|
0-0: Fly out, F7 (Line Drive, 7)
|
Batting: RHB José Carlos Caraballo
|
0-0: Ball 1-0: Swinging Strike 1-1: Ball 2-1: TRIPLE (Flyball, 9LD)
|
Batting: RHB David Raymos
|
0-0: Ball 1-0: Called Strike 1-1: Ball 2-1: Foul Ball, location: 2F 2-2: Ground out 5-3 (Groundball, 56)
|
Bottom of the 4th over - 0 run(s), 1 hit(s), 0 error(s), 1 left on base; Trenton 1 - Birmingham 5 |
TOP OF THE 5TH |
Trenton Stars batting - Pitching for Birmingham Barons : RHP Stanley Briggs
|
Batting: RHB Kenji Murayama
|
0-0: Ball 1-0: Ball 2-0: Ball 3-0: Base on Balls
|
Batting: RHB Roberto Chávez
|
0-0: Grounds into double play, 6-4-3 (Groundball, 6)
|
Batting: SHB Nick Marshall
|
0-0: Called Strike 0-1: Swinging Strike 0-2: Ball 1-2: Strikes out looking
|
Top of the 5th over - 0 run(s), 0 hit(s), 0 error(s), 0 left on base; Trenton 1 - Birmingham 5 |
BOTTOM OF THE 5TH |
Birmingham Barons batting - Pitching for Trenton Stars : RHP Rusty van Rhee
|
Pitching: RHP Juan Vázquez
|
|
Batting: LHB Al Gaines
|
0-0: Ball 1-0: Ground out 3-1 (Groundball, 3S)
|
Batting: RHB Warren Martin
|
0-0: Ball 1-0: Ground out 4-3 (Groundball, 4)
|
Batting: RHB Yujiro Kurihara
|
0-0: Swinging Strike 0-1: Ball 1-1: Ball 2-1: Foul Ball, location: 2F 2-2: Ball 3-2: Foul Ball, location: 2F 3-2: Foul Ball, location: 2F 3-2: Foul Ball, location: 2F 3-2: Ground out U3 (Groundball, 3)
|
Bottom of the 5th over - 0 run(s), 0 hit(s), 0 error(s), 0 left on base; Trenton 1 - Birmingham 5 |
TOP OF THE 6TH |
Trenton Stars batting - Pitching for Birmingham Barons : RHP Stanley Briggs
|
Batting: RHB Chris Cole
|
0-0: Swinging Strike 0-1: Foul Ball, location: 2F 0-2: Foul Ball, location: 2F 0-2: Ball 1-2: Ball 2-2: Ground out 6-3 (Groundball, 6S)
|
Batting: RHB Rafael Canales
|
0-0: Ball 1-0: Ground out 6-3 (Groundball, 6M)
|
Batting: RHB Jonas Uttley
|
0-0: Swinging Strike 0-1: Ball 1-1: Swinging Strike 1-2: Ground out 6-3 (Groundball, 6)
|
Top of the 6th over - 0 run(s), 0 hit(s), 0 error(s), 0 left on base; Trenton 1 - Birmingham 5 |
BOTTOM OF THE 6TH |
Birmingham Barons batting - Pitching for Trenton Stars : RHP Juan Vázquez
|
Batting: SHB Anastasio Ortíz
|
0-0: Ball 1-0: Ball 2-0: SOLO HOME RUN (Flyball, 7D), Distance : 335 ft
|
Batting: RHB Jean-Paul St-Pierre
|
0-0: Swinging Strike 0-1: Swinging Strike 0-2: Ball 1-2: Foul Ball, location: 2F 1-2: Ball 2-2: Strikes out swinging
|
Batting: RHB Vicente Elías
|
0-0: Ball 1-0: Called Strike 1-1: Ball 2-1: Foul Ball, location: 2F 2-2: Strikes out looking
|
Batting: RHB Peyton Yardley
|
0-0: Called Strike 0-1: Ball 1-1: SINGLE (Groundball, 56D)
|
Batting: RHB José Carlos Caraballo
|
0-0: Called Strike 0-1: Ball 1-1: Called Strike Peyton Yardley is caught stealing 2nd base
|
Bottom of the 6th over - 1 run(s), 2 hit(s), 0 error(s), 0 left on base; Trenton 1 - Birmingham 6 |
TOP OF THE 7TH |
Trenton Stars batting - Pitching for Birmingham Barons : RHP Stanley Briggs
|
Batting: RHB Clancy Booker
|
0-0: Foul Ball, location: 2F 0-1: Ball 1-1: Called Strike 1-2: Strikes out swinging
|
Batting: LHB Gerardo Guzmán
|
0-0: Swinging Strike 0-1: Ball 1-1: Foul Ball, location: 2F 1-2: SINGLE (Line Drive, 78S)
|
Batting: RHB Pablo Gómez
|
0-0: Called Strike 0-1: Fly out, F8 (Flyball, 89D)
|
Batting: RHB Kenji Murayama
|
0-0: Ball 1-0: Ball 2-0: Ball 3-0: Base on Balls Gerardo Guzmán to second
|
Batting: RHB Roberto Chávez
|
0-0: Called Strike 0-1: Ball 1-1: Ball 2-1: Foul Ball, location: 2F 2-2: Strikes out swinging
|
Top of the 7th over - 0 run(s), 1 hit(s), 0 error(s), 2 left on base; Trenton 1 - Birmingham 6 |
BOTTOM OF THE 7TH |
Birmingham Barons batting - Pitching for Trenton Stars : RHP Juan Vázquez
|
Batting: RHB José Carlos Caraballo
|
0-0: Ball 1-0: Foul Ball, location: 2F 1-1: Ball 2-1: Called Strike 2-2: Ball 3-2: Foul Ball, location: 2F 3-2: Base on Balls
|
Batting: RHB David Raymos
|
0-0: Called Strike 0-1: Ball 1-1: Ball 2-1: Ball 3-1: Base on Balls José Carlos Caraballo to second
|
Batting: LHB Al Gaines
|
0-0: Ground out 3-1 (Groundball, 34S) José Carlos Caraballo to third David Raymos to second
|
Batting: RHB Warren Martin
|
0-0: Ball 1-0: Called Strike 1-1: Ball 2-1: Ball 3-1: Base on Balls
|
Batting: RHB Yujiro Kurihara
|
0-0: Ball 1-0: Ball 2-0: Ball 3-0: Called Strike 3-1: SINGLE (Groundball, 4MD) José Carlos Caraballo scores David Raymos to third Warren Martin to second
|
Pitching: RHP Jesús Martínez
|
|
Batting: SHB Anastasio Ortíz
|
0-0: Foul Ball, location: 2F 0-1: Ball 1-1: Called Strike 1-2: Ball 2-2: Ball 3-2: Foul Ball, location: 2F 3-2: Base on Balls David Raymos scores Warren Martin to third Yujiro Kurihara to second
|
Batting: RHB Jean-Paul St-Pierre
|
0-0: Ball 1-0: Fielders Choice at 2nd, 3-6 (Groundball, 34) Warren Martin scores Yujiro Kurihara to third
|
Batting: RHB Vicente Elías
|
0-0: Ball 1-0: Ground out 4-3 (Groundball, 4S)
|
Bottom of the 7th over - 3 run(s), 1 hit(s), 0 error(s), 2 left on base; Trenton 1 - Birmingham 9 |
TOP OF THE 8TH |
Trenton Stars batting - Pitching for Birmingham Barons : RHP Stanley Briggs
|
Pitching: LHP Marcos Bautista
|
|
Now at 1B: Juan Jiménez
|
|
Now at 2B: Andrew Curran
|
|
Batting: SHB Nick Marshall
|
0-0: Ball 1-0: Ball 2-0: Called Strike 2-1: Ground out 4-3 (Groundball, 4M)
|
Batting: RHB Chris Cole
|
0-0: Ball 1-0: Ball 2-0: Foul Ball, location: 2F 2-1: Ground out 6-3 (Groundball, 6)
|
Batting: RHB Rafael Canales
|
0-0: Ball 1-0: Ground out 6-3 (Groundball, 6MS)
|
Top of the 8th over - 0 run(s), 0 hit(s), 0 error(s), 0 left on base; Trenton 1 - Birmingham 9 |
BOTTOM OF THE 8TH |
Birmingham Barons batting - Pitching for Trenton Stars : RHP Jesús Martínez
|
Batting: RHB Peyton Yardley
|
0-0: Fly out, F9 (Flyball, 9LS)
|
Batting: RHB José Carlos Caraballo
|
0-0: SINGLE (Line Drive, 4)
|
Batting: RHB David Raymos
|
0-0: Called Strike 0-1: Swinging Strike 0-2: Foul Ball, location: 2F 0-2: Ball 1-2: Ball 2-2: Foul Ball, location: 2F 2-2: Strikes out swinging
|
Batting: LHB Al Gaines
|
0-0: Called Strike 0-1: Ball 1-1: Swinging Strike 1-2: Fielders Choice at 2nd, 4-6 (Groundball, 4)
|
Bottom of the 8th over - 0 run(s), 1 hit(s), 0 error(s), 0 left on base; Trenton 1 - Birmingham 9 |
TOP OF THE 9TH |
Trenton Stars batting - Pitching for Birmingham Barons : LHP Marcos Bautista
|
Now in LF: Pete Smith
|
|
Batting: RHB Jonas Uttley
|
0-0: Called Strike 0-1: Called Strike 0-2: Strikes out swinging
|
Batting: RHB Clancy Booker
|
0-0: Ball 1-0: Swinging Strike 1-1: Ball 2-1: Foul Ball, location: 2F 2-2: Foul Ball, location: 2F 2-2: Fly out, F8 (Flyball, 89M)
|
Batting: LHB Gerardo Guzmán
|
0-0: Foul Ball, location: 2F 0-1: Ball 1-1: Ball 2-1: Called Strike 2-2: Strikes out swinging
|
Top of the 9th over - 0 run(s), 0 hit(s), 0 error(s), 0 left on base; Trenton 1 - Birmingham 9 |
|